 Dungeon Crawl Stone Soup version 0.17-a0-2027-gcac42c4 (webtiles) character file.

23 Gorice the Charmwright (level 3, -3/23 HPs)
             Began as an Octopode Wanderer on Oct 10, 2015.
             Slain by a goblin
             ... wielding a +0 dagger
              (6 damage)
             ... on level 1 of the Dungeon.
             The game lasted 00:04:44 (798 turns).

Gorice the Charmwright (Octopode Wanderer)           Turns: 798, Time: 00:04:45

Health: -3/23      AC:  1    Str: 15    XL:     3   Next: 0%
Magic:  3/6        EV: 11    Int: 14    God:
Gold:   25         SH:  0    Dex:  8    Spells: 1 memorised, 5 levels left

rFire  . . .     SeeInvis .     a - +0 mace
rCold  . . .     Clarity  .     (no shield)
rNeg   . . .     SustAt   .     (helmet restricted)
rPois  .         Gourm    .     (no amulet)
rElec  .         Spirit   .     (no ring)
rCorr  .         Warding  .     (no ring)
rMut   .         Stasis   .     (no ring)
MR     .....                    (no ring)
Stlth  ++........               (no ring)
                                (no ring)
                                (no ring)
                                (no ring)

@: infused, not resistant to hostile enchantments, unstealthy
A: almost no armour, amphibious, 8 rings, constrict 8, camouflage 1, gelatinous
body 1
a: no special abilities


You were on level 1 of the Dungeon.
You were not hungry.

You visited 1 branch of the dungeon, and saw 1 of its levels.

You collected 25 gold pieces.

Inventory:

Hand Weapons
 a - a +0 mace (weapon)
 d - a +0 club
Missiles
 Z - 28 stones (quivered)
Books
 b - Lee's Papyrus of Earth

   Spells                             Type                      Level
   a - Sandblast                      Earth                        1
   b - Stone Arrow                    Conjuration/Earth            3
 c - the Papyrus of Changing

   Spells                             Type                      Level
   a - Beastly Appendage              Transmutation                1
   b - Sticks to Snakes               Transmutation                2
 h - a book of Battle
Comestibles
 e - a bread ration {!e}
 g - a royal jelly
 i - a chunk of flesh


   Skills:
 + Level 1.0 Fighting
 - Level 1.0 Throwing
 - Level 1.3 Stealth
 + Level 2.3 Spellcasting
   Level 1.0 Conjurations
 * Level 3.5 Charms
   Level 2.0 Transmutations


You had 5 spell levels left.
You knew the following spells:

 Your Spells              Type           Power        Failure   Level  Hunger
a - Infusion              Chrm           ##....       6%          1    #......


Dungeon Overview and Level Annotations

Branches:
Dungeon (1/15)

Altars:


Innate Abilities, Weirdness & Mutations

You cannot wear most types of armour.
You are amphibious.
You can wear up to eight rings at the same time.
You can use your tentacles to constrict eight enemies at once.
Your skin changes colour to match your surroundings (Stealth).
Your rubbery body absorbs attacks (AC +1).


Message History

Damage: 2 (max 2)
The jackal misses you.
A goblin comes into view. It is wielding a dagger.
The goblin shouts!
The jackal bites you. The jackal closely misses you.
Damage: 1 (max 2)
You barely miss the jackal.
The goblin shouts!
Your grab misses the jackal. The jackal barely misses you.
The jackal bites you.
Damage: 1 (max 2)
You closely miss the jackal. Your grab misses the jackal.
You squeeze the jackal.
The jackal is moderately wounded.
The jackal bites you. The jackal closely misses you.
Damage: 2 (max 2)
You closely miss the jackal. Your grab misses the jackal.
Your squeeze misses the jackal.
The jackal is moderately wounded.
Your magical infusion is running out.
The jackal barely misses you. The jackal bites you.
Damage: 3 (max 3)
You hit the jackal!
You kill the jackal!
The jackal closely misses you. The jackal misses you.
You hit the jackal!
You kill the jackal!
You have reached level 3!
Your experience leads to an increase in your attributes!
Increase (S)trength, (I)ntelligence, or (D)exterity?
You feel clever. The goblin hits you with a dagger.
* * * LOW HITPOINT WARNING * * *
Damage: 4 (max 4) Unknown command.
You are no longer magically infusing your attacks.
You aren't carrying any potions.
Read which item? (? for menu, Esc to quit)
As you read the scroll labeled XIUTE HYVUYT, it crumbles to dust.
It is a scroll of identify.
You don't have any unidentified items.
The goblin completely misses you.
Casting: Infusion
Confirm with . or Enter, or press ? or * to list all spells.
You begin infusing your attacks with magical energy.
The goblin misses you.
You completely miss the goblin. You grab the goblin. You constrict the goblin.
The goblin barely misses you. The goblin hits you with a dagger.
You die...

#. #######.# ###.#......#.#
..........#.### #####
..........##.......# #....
...................##########.#..
..............................#.#
.....##.#.##.......###........#..
.....##.#...)........'........#..
.....##.######.#@#.###........#..
...(.##.# #.#g#.# #...........
.....##.# #.#g#.# #.......##..
....###.######.#.#.#####.###.###.
.....†.......g...................
....###.##.###.#.#.#####.#.#.#...
.................................
#######........#.#.###.......#.##
#..........#.###......##.#


You could see 2 goblins.

Vanquished Creatures
  An ooze (D:1)
  A giant cockroach (D:1)
  3 goblins (D:1)
  6 jackals (D:1)
  3 bats (D:1)
  2 kobolds (D:1)
  2 rats (D:1)
18 creatures vanquished.

Notes
Turn   | Place    | Note
--------------------------------------------------------------
     0 | D:1      | Gorice the Octopode Wanderer began the quest for the Orb.
     0 | D:1      | Gorice set off with: a book of Battle, Lee's Papyrus of Earth, the Papyrus of Changing, a +0 club, a bread ration {!e}
     0 | D:1      | Reached XP level 1. HP: 11/11 MP: 3/3
     0 | D:1      | Identified Lee's Papyrus of Earth
     0 | D:1      | Identified the Papyrus of Changing
     2 | D:1      | Learned a level 1 spell: Infusion
   141 | D:1      | Reached XP level 2. HP: 12/18 MP: 3/5
   503 | D:1      | HP: 5/18 [bat (1)]
   735 | D:1      | Reached skill level 1 in Fighting
   782 | D:1      | Reached XP level 3. HP: 7/23 MP: 3/6
   782 | D:1      | HP: 2/23 [goblin/dagger (5)]
   798 | D:1      | Slain by a goblin

Vault maps used:
D:1:      evilmike_arrival_run_for_it

Action                   || total
-------------------------++-------
Melee: Club              ||    12
       Mace              ||    29
 Cast: Infusion          ||    12
  Use: Scroll            ||     1
 Stab: Sleeping          ||     3

Table legend:
 A = Turns spent in this place as a percentage of turns spent in the entire game.
 B = Non-inter-level travel turns spent in this place as a percentage of non-inter-level travel turns spent in the entire game.
 C = Inter-level travel turns spent in this place as a percentage of turns spent in this place.
 D = Turns resting spent in this place as a percentage of non-inter-level travel turns spent in this place.
 E = Turns spent auto-exploring this place as a percentage of non-inter-level travel turns spent in this place.
 F = Non-inter-level travel turns spent in this place divided by the number of levels of this place that you've seen.
                   A       B       C       D       E      F
               +-------+-------+-------+-------+-------+----------------------
         Total | 100.0 | 100.0 |   0.0 |   8.7 |   2.6 | 310.0
       Dungeon | 100.0 | 100.0 |   0.0 |   8.7 |   2.6 | 310.0
               +-------+-------+-------+-------+-------+----------------------

Vault maps used:
D:1:      evilmike_arrival_run_for_it
